cohdb
Replays
Latest Replays
All Replays
Popular Replays
Top Player Replays
Match Explorer
How It Works
Community
CoH3 Stats
Reddit
Sign in to upload your games and track your stats! →
Sign in with Steam
Match 44319191
Unlisted
Match 44319191
Overview
Messages
Build Orders
End
Royal Engineer Section
Construct Section Command Post
Selects Canadian Shock Battlegroup
Infantry Section
Infantry Section
Infantry Section
Selects Attacking Spirit
Selects Canadian Shock Section
Construct Field Infirmary
Selects Incendiary Munitions
Construct Platoon Command Post
Humber Armored Car
Selects Pyrotechnics
Grenade Package
Infantry Training
Selects Demolition Engineering
Unlock M3 Stuart Light Tanks
M3 Stuart Light Tank
AI Takeover
Invicta
咚咚锵个腿
0
0
Comments
sign in to comment!
No comments posted yet!